 Dungeon Crawl Stone Soup version 0.28.0-47-ge53b351184 (webtiles) character file.

Game seed: 17420751768351807396

497 GigaChad the Slasher (level 6, -1/55 (56) HPs)
             Began as a Minotaur Berserker on May 6, 2022.
             Was a Priest of Trog.
             Slain by a wight
             ... wielding a +3 falchion
              (2 damage)
             ... on level 4 of the Dungeon.
             The game lasted 00:12:23 (4688 turns).

GigaChad the Slasher (Minotaur Berserker)           Turns: 4688, Time: 00:12:23

HP:   -1/55 (56)    AC:  2    Str: 21    XL:     6   Next: 93%
MP:   5/5           EV: 13    Int: 10    God:    Trog [***...]
Gold: 189           SH:  0    Dex: 12    Spells: 5/5 levels left

rFire   . . .      SeeInvis +   h - +2 quarterstaff (chaos)
rCold   . . .      Faith    .   (shield currently unavailable)
rNeg    . . .      Spirit   .   b - +0 animal skin
rPois   .          Reflect  .   (helmet restricted)
rElec   .          Harm     .   (no cloak)
rCorr   .          Rampage  .   (no gloves)
Will    .....                   (no boots)
Stlth   ++........              f - amulet of the acrobat
HPRegen 0.18/turn               g - +6 ring of intelligence
MPRegen 0.09/turn               i - ring of see invisible

@: lightly drained
A: horns 2, retaliatory headbutt
a: Renounce Religion, Berserk, Trog's Hand


You were on level 4 of the Dungeon.
You worshipped Trog.
Trog was most pleased with you.
You visited 1 branch of the dungeon, and saw 4 of its levels.
You also visited: Sewer.

You collected 189 gold pieces.

Inventory:

Hand Weapons
 a - a +0 falchion
 h - a +2 quarterstaff of chaos (weapon)
 p - the +6 mace of Tumult {flame, Will++}
   (You found it on level 2 of the Dungeon)

   It burns those it strikes, dealing additional fire damage.
   Will:      It greatly increases your willpower.
 t - a +1 whip of pain
Armour
 b - a +0 animal skin (worn)
Jewellery
 f - an amulet of the acrobat (around neck)
 g - a +6 ring of intelligence (left hand)
 i - a ring of see invisible (right hand)
 j - a ring of ice
 r - an amulet of regeneration
Wands
 k - a wand of iceblast (9)
Scrolls
 m - a scroll of vulnerability
 n - a scroll of teleportation
 o - a scroll of fog
 q - a scroll of immolation
Potions
 c - 2 potions of curing {unknown}
 d - 2 potions of degeneration {unknown}
 e - a potion of heal wounds {unknown}
 l - a potion of berserk rage
 s - a potion of attraction {unknown}
 u - a potion of flight {unknown}


   Skills:
 + Level 5.5 Fighting
 + Level 5.5 Long Blades
 + Level 3.1 Maces & Flails
 + Level 0.2(1.9) Staves
 + Level 2.6 Armour
 + Level 4.6 Dodging
 + Level 1.7 Stealth


You had 5 spell levels left.
You didn't know any spells.
Your spell library contained the following spells:

 Spells                   Type           Power      Damage    Failure   Level
 Animate Skeleton         Necr           0%         N/A       36%         1
 Apportation              Tloc           0%         N/A       36%         1
 Summon Small Mammal      Summ           0%         N/A       36%         1


Dungeon Overview and Level Annotations

Branches:
Dungeon (4/15)              Sewer (visited)
 Temple: D:4-7

Altars:


Innate Abilities, Weirdness & Mutations

You have a pair of horns on your head.
You reflexively headbutt those who attack you in melee.


Message History

h - a +2 quarterstaff of chaos (weapon)
Found 16 arrows.
You see here 16 arrows.
A wight comes into view. It is wielding a +0 falchion.
A wight comes into view. It is wielding a +0 dagger of flaming.
The wight moves out of view.
A wight comes into view. It is wielding a +3 falchion.
The wight barely misses you.
You closely miss the wight. You headbutt the wight.
The wight is moderately damaged.
The wight hits you with a +0 dagger of flaming!
You feel drained. The wight burns you.
You hit the wight but do no damage. You headbutt the wight!
The wight is almost destroyed.
The wight hits you with a +0 dagger of flaming!
The wight burns you.
You barely miss the wight. You headbutt the wight.
The wight is moderately damaged.
You hit the wight. Your headbutt misses the wight.
The wight is severely damaged.
The wight hits you with a +0 falchion! x2
* * * LOW HITPOINT WARNING * * *
You hit the wight.
You destroy the wight!
Trog accepts your kill.
Your life force feels restored.
You hit the wight but do no damage.
The wight is almost destroyed.
The wight hits you with a +0 dagger of flaming!
* * * LOW HITPOINT WARNING * * *
The wight burns you.
* * * LOW HITPOINT WARNING * * *
You hit the wight.
You destroy the wight!
Trog accepts your kill.
Your Maces & Flails skill increases to level 3!
You hit the wight but do no damage. The wight hits you with a +3 falchion.
* * * LOW HITPOINT WARNING * * *
You feel drained.
You die...

#.#######.###.
#. #.# .# #.#
# #.# #.# #(#
. #.# ...
##.####.....
#..@z.......
#######.....
... .


You could see a wight.

Vanquished Creatures
  Menkaure (D:4)
  A water moccasin (Sewer)
  2 wights (D:4)
  Crazy Yiuf (D:2)
  A bullfrog skeleton (D:4)
  A river rat (D:3)
  2 adders
  A worm (D:3)
  A dart slug (D:1)
  2 orcs (D:3)
  3 endoplasms
  3 giant cockroaches
  11 goblins
  10 hobgoblins
  14 jackals
  13 kobolds
  2 quokkas (D:3)
  4 ball pythons
  13 bats
  3 frilled lizards
  3 rats
92 creatures vanquished.

Vanquished Creatures (others)
  A fungus (D:2)
1 creature vanquished.

Grand Total: 93 creatures vanquished

Notes
Turn   | Place    | Note
-------+----------+-------------------------------------------
     0 | D:1      | GigaChad the Minotaur Berserker began the quest for the
                  | Orb.
     0 | D:1      | Reached XP level 1. HP: 19/19 MP: 0/0
    85 | D:1      | Reached XP level 2. HP: 8/27 MP: 1/1
   892 | D:1      | Reached XP level 3. HP: 31/33 MP: 2/2
   982 | D:1      | Reached ** piety under Trog
  1719 | D:2      | Found a runed translucent door.
  1720 | D:2      | Noticed Crazy Yiuf
  1871 | D:2      | Found a faded altar of an unknown god.
  1923 | D:2      | Reached XP level 4. HP: 41/41 MP: 3/3
  2074 | D:2      | Killed Crazy Yiuf
  2077 | D:2      | Identified the +6 mace of Tumult {flame, Will++}
  2642 | D:3      | Reached skill level 5 in Long Blades
  2769 | D:3      | Found a glowing drain.
  2775 | D:3      | Reached skill level 5 in Fighting
  2952 | Sewer    | Entered a sewer
  2958 | Sewer    | Reached *** piety under Trog
  2959 | Sewer    | Reached XP level 5. HP: 45/48 MP: 4/4
  2982 | Sewer    | Noticed a water moccasin
  2992 | Sewer    | Killed a water moccasin
  2993 | Sewer    | Reached skill level 1 in Maces & Flails
  3002 | Sewer    | HP: 2/48 [poisoned by a water moccasin]
  3950 | D:3      | Reached skill level 1 in Stealth
  4384 | D:4      | Reached XP level 6. HP: 56/56 MP: 5/5
  4453 | D:4      | Noticed Menkaure
  4460 | D:4      | Killed Menkaure
  4688 | D:4      | HP: 1/56 [wight/+3 falchion (6)]
  4688 | D:4      | Slain by a wight

Illustrated notes

Levels and vault maps discovered:
D:1:      psy_arrival_terrarium, layout_basic, hangedman_decor_clover_reticule,
          minmay_misc_feat_hallway, feat_on_display
D:2:      layout_loops_cross, shapermc_ecumenical_altar_mp_urbaneastern,
          uniq_crazy_yiuf_cottage
D:3:      layout_loops_corners, portal_sewer_entry_a, minmay_fractal_squares_5
D:4:      layout_basic, serial_shops, nicolae_diamond_shop, minmay_quantized,
          uniq_grinder, uniq_duvessa, uniq_menkaure

Skill      XL: |  1  2  3  4  5  6 |
---------------+-------------------+-----
Long Blades    | 4 5 |  5.5
Fighting       | 4 5 |  5.5
Dodging        | 3 4 |  4.6
Maces & Flails | 1 3 |  3.1
Stealth        | 1 |  1.7
Staves         | |  0.2
Armour         | |  2.6

Action                   |  1- 3 |  4- 6 || total
-------------------------+-------+-------++-------
Melee: Falchion          |    73 |     5 ||    78
       Headbutt          |     5 |    10 ||    15
       Punch             |     1 |     1 ||     2
       Mace              |       |    50 ||    50
       Quarterstaff      |       |     8 ||     8
  Use: Scroll            |     1 |     7 ||     8
Armor: Animal skin       |    16 |    18 ||    34
Dodge: Dodged            |   112 |    89 ||   201
